 Dungeon Crawl Stone Soup version 0.29.1-13-g9f3cf754e1 (webtiles) character file.

Game seed: 11272496892396628767

28 croobank the Sneak (level 3, -2/26 HPs)
             Began as an Octopode Delver on Feb 3, 2023.
             Was an Initiate of the Shining One.
             Slain by a centaur (4 damage)
             ... on level 5 of the Dungeon.
             The game lasted 00:01:58 (181 turns).

croobank the Sneak (Octopode Delver)                 Turns: 181, Time: 00:01:59

Health: -2/26      AC:  1    Str: 11    XL:     3   Next: 12%
Magic:  3/3        EV: 13    Int: 14    God:    the Shining One [......]
Gold:   43         SH:  0    Dex: 13    Spells: 2/2 levels left

rFire   . . .      SeeInvis .   i - +1 halberd (venom)
rCold   . . .      Faith    .   (shield currently unavailable)
rNeg    . . .      Spirit   .   (helmet restricted)
rPois   .          Reflect  .   (no amulet)
rElec   .          Harm     .   (no ring)
rCorr   .          Rampage  .   (no ring)
Will    .....                   (no ring)
Stlth   ++........              (no ring)
HPRegen 0.08/turn               (no ring)
MPRegen 0.08/turn               (no ring)
                                (no ring)
                                (no ring)

@: glowing
A: almost no armour, amphibious, 8 rings, camouflage 1, gelatinous body 1,
(nimble swimmer 1), tentacles
a: Renounce Religion


You were on level 5 of the Dungeon.
You worshipped the Shining One.
The Shining One was noncommittal.
You visited 1 branch of the dungeon, and saw 2 of its levels.

You collected 43 gold pieces.

Inventory:

Hand Weapons
 a - a +0 hand axe
 i - a +1 halberd of venom (weapon)
Missiles
 g - 3 atropa-tipped darts (quivered)
Wands
 f - a wand of digging (3)
Scrolls
 b - a scroll of fog
 c - a scroll of magic mapping
 d - a scroll of fear
 h - a scroll of identify {unknown}
 j - a scroll of brand weapon {unknown}
Potions
 e - a potion of haste


   Skills:
 - Level 3.0 Fighting
 - Level 2.0 Axes
 - Level 2.0 Dodging
 + Level 7.9 Stealth


You had 2 spell levels left.
You didn't know any spells.
Your spell library was empty.

Dungeon Overview and Level Annotations

Branches:
Dungeon (6/15)
 Temple: D:4-7

Altars:
The Shining One


Innate Abilities, Weirdness & Mutations

You cannot wear most types of armour.
You are amphibious.
You can wear up to eight rings at the same time.
Your skin changes colour to match your surroundings (Stealth+).
Your rubbery body absorbs attacks. (AC +1, EV +1)
((You are camouflaged when in or above water. (Stealth+)))
You have tentacles for arms and can constrict up to eight enemies at once.


Message History

j - a scroll labelled DUPEDO UTRIA A hound comes into view.
The hound barks!
You see here 9 gold pieces.
You now have 43 gold pieces (gained 9).
Throw: 3 darts (atropa)
Press: ? - help, Q - select action Shift-Dir - straight line, f - hound
Aim: a hound (46% to hit, chance to blind on hit: 87%)
You throw an atropa-tipped dart. The atropa-tipped dart hits the hound.
The hound appears confused.
Reach: i) +1 halberd (venom)
Press: ? - help, Dir - move target, f/p - hound
Aim: a hound (confused, about 31% to evade your +1 halberd of venom)
You reach to attack!
You puncture the hound!
The hound looks as sick as possible!
The hound is almost dead.
The hound seems less confused.
You kill the hound!
Your Stealth skill increases to level 7!
You have reached level 2!
You have reached level 3!
Your experience leads to an increase in your attributes!
Increase (S)trength, (I)ntelligence, or (D)exterity?
You feel clever. x2
A centaur comes into view.
You see here an atropa-tipped dart.
g - 3 atropa-tipped darts (gained 1)
The centaur shouts!
The centaur wields a +0 shortbow.
The centaur shoots an arrow.
The arrow hits you!
Reach: i) +1 halberd (venom)
Press: ? - help, Dir - move target, f - centaur
Aim: a centaur, wielding a +0 shortbow (about 36% to evade your +1 halberd of venom)
You reach to attack!
You hit the centaur.
The centaur is poisoned.
The centaur is lightly wounded.
The centaur shoots an arrow.
The arrow hits you.
The centaur shoots an arrow.
The arrow hits you!
* * * LOW HITPOINT WARNING * * *
The centaur unwields a +0 shortbow.
The centaur hits you.
You die...

. . #.######.. .. .
###.#.......#.. #
#............. .# #
#......c...... ..# #.
###............###...#.#.
......... ..........#.#.
#....c######..###..#.#.
#.....@............#.#.
#############......#.#.
#.............
#.............
####..........
#.#######.# #.# #.. #.#
##. #. ##


You could see a centaur (very poisoned).

Vanquished Creatures
  A hound (D:5)
1 creature vanquished.

Notes
Turn   | Place    | Note
-------+----------+-------------------------------------------
     0 | D:5      | croobank the Octopode Delver began the quest for the Orb.
     0 | D:5      | Reached XP level 1. HP: 16/16 MP: 1/1
     7 | D:6      | Found a glowing golden altar of the Shining One.
    20 | D:6      | Became a worshipper of the Shining One
    82 | D:5      | Noticed a phantom
   169 | D:5      | Noticed a hound
   173 | D:5      | Killed a hound
   174 | D:5      | Reached skill level 7 in Stealth
   174 | D:5      | Reached XP level 2. HP: 21/21 MP: 2/2
   174 | D:5      | Reached XP level 3. HP: 26/26 MP: 3/3
   176 | D:5      | Noticed a centaur
   181 | D:5      | Slain by a centaur

Illustrated notes

Levels and vault maps discovered:
D:5:      layout_basic, overflow_temple_1_default, kennysheep_generic_room_5
D:6:      layout_loops_corners, tso_oasis_becter, led_sif_pool, temple_green

Skill      XL: |  1 |
---------------+----+-----
Stealth        | 7 |  7.9
Fighting       | |  3.0
Axes           | |  2.0
Dodging        | |  2.0

Action                   || total
-------------------------++-------
Melee: Halberd           ||     2
Throw: Dart              ||     1
